 Dungeon Crawl Stone Soup version 0.31-a0-175-g9f7f995f2b (webtiles) character file.

Game seed: 8118294425463138242

143 qw the Shooter (level 5, -13/32 HPs)
             Began as a Gargoyle Hunter on June 16, 2023.
             Mangled by an ogre
             ... wielding a +0 giant club
              (19 damage)
             ... on level 4 of the Dungeon.
             The game lasted 00:00:51 (2096 turns).

qw the Shooter (Gargoyle Hunter)                    Turns: 2096, Time: 00:00:51

Health: -13/32     AC:  7    Str: 14    XL:     5   Next: 25%
Magic:  5/5        EV: 11    Int: 10    God:
Gold:   212        SH:  0    Dex: 15    Spells: 4/4 levels left

rFire   . . .        Y - +0 shortbow
rCold   . . .        (shield currently unavailable)
rNeg    + . .        c - +0 leather armour
rPois   inf          (no helmet)
rElec   +            (no cloak)
rCorr   .            (no gloves)
SInv    .            (no boots)
Will    .....        (no amulet)
Stlth   ++           (no ring)
HPRegen 0.25/turn    (no ring)
MPRegen 0.09/turn

%: no passive effects
@: no status effects
A: sickness immunity, AC +4, negative energy resistance 1, electricity
resistance, torment resistance 1, petrification resistance
a: no special abilities


You were on level 4 of the Dungeon.
You visited 1 branch of the dungeon, and saw 4 of its levels.

You collected 212 gold pieces.


Innate Abilities, Weirdness & Mutations

You are immune to sickness and miasma.
Your stone body is resilient. (AC +4)
You are immune to poison.
You resist negative energy. (rN+)
You are resistant to electric shocks. (rElec)
You are resistant to unholy torment.
You are immune to petrification.


   Skills:
 + Level 3.0 Fighting
 - Level 6.1 Ranged Weapons
 - Level 1.5 Dodging
 - Level 1.1 Stealth


You had 4 spell levels left.
You didn't know any spells.
Your spell library was empty.

Inventory:

Hand Weapons
 Y - a +0 shortbow (weapon)
Armour
 c - a +0 leather armour (worn)
Scrolls
 a - a scroll of identify
Potions
 b - a potion of enlightenment {unknown}
 d - a potion of heal wounds {unknown}
 f - a potion of lignification {unknown}
 g - a potion of resistance {unknown}
 i - a potion of degeneration {unknown}
 j - a potion of curing

Dungeon Overview and Level Annotations

Branches:
Dungeon (4/15)
 Temple: D:4-7

Altars:
Wu Jian


Message History

Found a stone.
There is a stone staircase leading up here.
There are monsters nearby!
Waypoint 3 assigned to D:4.
2075 ||| PLANNING OSSUARY You shoot an arrow.
The arrow hits the quokka.
The quokka is heavily wounded.
You shoot an arrow. The arrow hits the quokka.
You kill the quokka!
The ball python hisses angrily.
You shoot an arrow. The arrow hits the ball python.
You kill the ball python!
A sleepcap comes into view.
You shoot an arrow. The arrow hits the sleepcap.
The sleepcap is moderately damaged.
You shoot an arrow. The arrow hits the sleepcap!
The sleepcap is heavily damaged.
You shoot an arrow. The arrow hits the sleepcap.
The sleepcap is severely damaged.
You shoot an arrow. The arrow hits the sleepcap!
The sleepcap is almost destroyed.
You shoot an arrow. The arrow hits the sleepcap!
You destroy the sleepcap!
Your Ranged Weapons skill increases to level 6!
You have reached level 5!
Found a stone staircase leading down.
An ogre comes into view. It is wielding a +0 giant club.
The ogre shouts!
You shoot an arrow. The arrow hits the ogre.
The ogre is lightly wounded.
You shoot an arrow. The arrow hits the ogre!
The ogre is heavily wounded.
You shoot an arrow. The arrow barely misses the ogre.
The ogre hits you with a +0 giant club!!
Ouch! That really hurt!
You shoot an arrow. The arrow hits the ogre!
The ogre is severely wounded.
The ogre hits you with a +0 giant club!!
Ouch! That really hurt!
You die...

... ### .# ..##
.#### #..##..#.#
#######....#...##
........>.......
.........#....#
.....# #.....@#
......###..###O.#
#...........# #.#
#.........#.# .#
.......#.##.#....
.#...#..#.......
#...<........ ..
................
.##
................


You could see an ogre.

Vanquished Creatures
  A sleepcap (D:4)
  A gnoll (D:1)
  4 adders
  4 dart slugs
  6 endoplasms
  3 giant cockroaches
  5 goblins
  4 hobgoblins
  3 jackals (D:1)
  4 quokkas
  2 ball pythons
  2 bats
  3 frilled lizards
  7 kobolds
  16 rats
65 creatures vanquished.

Notes
Turn   | Place    | Note
-------+----------+-------------------------------------------
     0 | D:1      | qw the Gargoyle Hunter began the quest for the Orb.
     0 | D:1      | Reached XP level 1. HP: 12/12 MP: 1/1
     0 | D:1      | 0 ||| qw: Version: 0.2-a-29-g511e9b1
     0 | D:1      | 0 ||| qw: Game counter: 48
     0 | D:1      | 0 ||| qw: Always use a shield: true
     0 | D:1      | 0 ||| qw: God list: Okawaru
     0 | D:1      | 0 ||| qw: Allow faded altars: false
     0 | D:1      | 0 ||| qw: Do Orc after D:15 true
     0 | D:1      | 0 ||| qw: Do second Lair branch before Depths: true
     0 | D:1      | 0 ||| qw: Lair rune preference: random
     0 | D:1      | 0 ||| qw: Plans: Normal, Zot:1-4, Slime:5, God:TSO, Crypt,
                  | Tomb, Abyss, Pan, Hells, Win
     0 | D:1      | 0 ||| PLANNING D:1-11
    90 | D:1      | Reached XP level 2. HP: 12/17 MP: 2/2
    90 | D:1      | 90 ||| FLEEEEING.
    91 | D:1      | 91 ||| FLEEEEING.
   276 | D:1      | Reached skill level 5 in Ranged Weapons
   276 | D:1      | Reached XP level 3. HP: 21/21 MP: 3/3
   539 | D:1      | 539 ||| READING scroll labelled VAEHIGHU ENWEUNN.
   540 | D:1      | 540 ||| READING scroll labelled BASOZU BUMEY.
   541 | D:1      | 541 ||| READING scroll labelled ROOGYPL FAFUL.
   542 | D:1      | 542 ||| READING scroll labelled KAYSIO UHAURI.
   543 | D:1      | 543 ||| DROPPING scroll of butterflies.
   617 | D:2      | 617 ||| FLEEEEING.
   619 | D:2      | 619 ||| FLEEEEING.
   620 | D:2      | 620 ||| STAIRDANCE
   670 | D:2      | Reached skill level 3 in Fighting
   678 | D:2      | Reached XP level 4. HP: 28/28 MP: 4/4
   699 | D:2      | Found a faded altar of an unknown god.
  1178 | D:2      | 1178 ||| DROPPING scarf of invisibility.
  1179 | D:2      | 1179 ||| READING scroll labelled CUT CAGAOT.
  1180 | D:2      | 1180 ||| DRINKING 2 fizzy silvery potions.
  1222 | D:3      | 1222 ||| STAIRDANCE
  1652 | D:3      | Found an ornate altar of the Wu Jian Council.
  1947 | D:3      | 1947 ||| READING scroll labelled TAVALO WIJUMOI.
  2048 | D:3      | 2048 ||| READING scroll labelled WOF OBEITUIMP.
  2075 | D:4      | 2075 ||| PLANNING OSSUARY
  2084 | D:4      | Reached skill level 6 in Ranged Weapons
  2084 | D:4      | Reached XP level 5. HP: 32/32 MP: 5/5
  2092 | D:4      | Noticed an ogre
  2095 | D:4      | HP: 6/32 [ogre/+0 giant club (26)]
  2096 | D:4      | Mangled by an ogre

Levels and vault maps discovered:
D:1:      lordsloth_arrival_two_stooges, layout_rooms, minmay_hedge_maze,
          serial_bayou_pond_b, minivault_24, st_stairs_12
D:2:      layout_basic, shapermc_ecumenical_altar_notcrosses, st_stairs_13,
          grunt_ministairs_6, minmay_rat_gold_closets
D:3:      layout_basic, lemuel_crystal_altar, chequers_serial_rivers_micro_c
D:4:      layout_layer_cave, lemuel_crystal_altar, enter_ossuary_3, uniq_natasha

Skill      XL: |  1  2  3  4 |
---------------+-------------+-----
Ranged Weapons | 5 6 |  6.1
Fighting       | 3 |  3.0
Dodging        | |  1.5
Stealth        | |  1.1

Action                     |  1- 3 |  4- 6 || total
---------------------------+-------+-------++-------
   Fire: Shortbow          |    99 |    82 ||   181
    Use: Scroll            |     4 |     3 ||     7
         Potion            |       |     1 ||     1
 Armour: Leather armour    |    21 |     4 ||    25
  Dodge: Dodged            |    48 |    12 ||    60

Table legend:
 A = Non-vault XP
 B = Vault XP
 C = Vault XP percentage of total XP
 D = Non-vault monster count
 E = Vault monster count
 F = Vault count percentage of total count
                 A         B        C        D         E       F
            +---------+---------+-------+---------+---------+-------
      Total |     175 |      30 |  14.6 |      50 |      15 |  23.1
            +---------+---------+-------+---------+---------+-------
        D:1 |      50 |       8 |  13.8 |      22 |       5 |  18.5
        D:2 |      56 |      22 |  28.2 |      18 |      10 |  35.7
        D:3 |      25 |       0 |   0.0 |       7 |       0 |   0.0
        D:4 |      44 |       0 |   0.0 |       3 |       0 |   0.0
            +---------+---------+-------+---------+---------+-------
